Match 47050707
Unlisted

Match 47050707
End
Construct Weapon Support Center
Scout Squad
M1919 Machine Gun Team
Bazooka Squad
M1919 Machine Gun Team
Infantry Support Center
M3 Armored Personnel Carrier
M1919 Machine Gun Team
Construct Medical Station
Engineer Squad
M3 Armored Personnel Carrier
Selects Special Operations Battlegroup
Selects Raiding Flares
Selects SSF Commando Squad
Raiding Flares
SSF Commando Squad
M3 Armored Personnel Carrier
Raiding Flares
SSF Commando Squad
Survival Training
Improved M9 Bazooka Rockets
Raiding Flares
Selects M29 Weasel Recon Vehicle
Selects M29 Weasel with M1 Pack Howitzer
Selects Mark Vehicle
Selects UNKNOWN (2162291)
Mark Vehicle
Construct Tank Depot
Scout Squad
Selects Air Re-supply Operation
Raiding Flares
M4A1 Sherman Whizbang
Ser Wadsworth
ElZocko
nerf R.N.G
Herogus3xD
PIGEONS ARE FBI DRONES
Bananenratte
0
0

Comments sign in to comment!

No comments posted yet!